 Dungeon Crawl Stone Soup version 0.29-a0-555-g3b24f45cc1 (webtiles) character file.

Game seed: 2198208023655634911

245 bande the Covered (level 6, -1/39 HPs)
             Began as a Gargoyle Fighter on June 7, 2022.
             Slain by a gnoll
             ... wielding a +0 halberd
              (8 damage)
             ... on level 3 of the Dungeon.
             The game lasted 00:04:45 (3479 turns).

bande the Covered (Gargoyle Fighter)                Turns: 3479, Time: 00:04:46

Health: -1/39      AC: 14    Str: 20    XL:     6   Next: 10%
Magic:  6/6        EV:  7    Int:  8    God:
Gold:   172        SH:  5    Dex: 11    Spells: 5/5 levels left

rFire   . . .      SeeInvis .   a - +0 war axe
rCold   . . .      Faith    .   c - +1 buckler
rNeg    + . .      Spirit   .   k - +0 chain mail
rPois   ∞          Reflect  .   (no helmet)
rElec   +          Harm     .   (no cloak)
rCorr   .          Rampage  .   (no gloves)
Will    .....                   (no boots)
Stlth   ..........              (no amulet)
HPRegen 0.13/turn               (no ring)
MPRegen 0.10/turn               (no ring)

@: no status effects
A: sickness immunity, AC +4, negative energy resistance 1, electricity
resistance, torment resistance 1, petrification resistance
a: no special abilities


You were on level 3 of the Dungeon.
You visited 1 branch of the dungeon, and saw 3 of its levels.

You collected 172 gold pieces.

Inventory:

Hand Weapons
 a - a +0 war axe (weapon)
 g - a +0 flail
 i - a +0 war axe
Armour
 c - a +1 buckler (worn)
 k - a +0 chain mail (worn)
Scrolls
 l - a scroll of teleportation
Potions
 b - a potion of brilliance
 d - a potion of might
 e - a potion of invisibility
 f - a potion of mutation {unknown}
 h - 2 potions of curing
 j - 2 potions of heal wounds {unknown}
 m - 2 potions of flight {unknown}
 o - a potion of lignification {unknown}
 p - a potion of haste


   Skills:
 + Level 4.3 Fighting
 + Level 3.8 Axes
 + Level 4.7 Armour
 + Level 3.8 Shields


You had 5 spell levels left.
You didn't know any spells.
Your spell library contained the following spells:

 Spells                   Type           Power      Damage    Failure   Level
 Fulminant Prism          Conj/Hex       0%         3d6       100%        4
 Iskenderun's Mystic Bla  Conj/Tloc      0%         2d3       100%        4
 Lee's Rapid Deconstruct  Erth           0%         3d5*      100%        5


Dungeon Overview and Level Annotations

Branches:
Dungeon (3/15)

Altars:


Innate Abilities, Weirdness & Mutations

You are immune to sickness and miasma.
Your stone body is resilient. (AC +4)
You are immune to poison.
You resist negative energy. (rN+)
You are resistant to electric shocks. (rElec)
You are resistant to unholy torment.
You are immune to petrification.


Message History

The gnoll throws a throwing net.
You block the throwing net.
Things that are here:
a throwing net; a hobgoblin corpse The gnoll hits you but does no damage. x2
You barely miss the gnoll.
The gnoll hits you but does no damage. x3
You closely miss the gnoll. You block the gnoll's attack.
The gnoll hits you but does no damage. x2
You hit the gnoll.
The gnoll is heavily wounded.
The gnoll barely misses you. The gnoll hits you with a +0 flail!
The gnoll closely misses you.
You hit the gnoll but do no damage.
The gnoll is moderately wounded.
The gnoll closely misses you. x2; The gnoll hits you but does no damage.
The gnoll hits you with a +0 flail.
The gnoll hits you from afar with a +0 spear!
The gnoll hits you but does no damage.
You are too injured to fight recklessly!
You are too injured to fight recklessly!
You are too injured to fight recklessly!
You are too injured to fight recklessly!
You are too injured to fight recklessly!
You are too injured to fight recklessly!
You are too injured to fight recklessly!
You are too injured to fight recklessly!
You closely miss the gnoll.
The gnoll is moderately wounded.
The gnoll hits you but does no damage. The gnoll closely misses you.
The gnoll hits you from afar with a +0 spear.
You hit the gnoll.
The gnoll is almost dead.
The gnoll barely misses you. You block the gnoll's attack.
The gnoll closely misses you.
You hit the gnoll.
You kill the gnoll!
The gnoll hits you from afar with a +0 halberd!
* * * LOW HITPOINT WARNING * * *
The gnoll closely misses you.
The gnoll hits you from afar with a +0 halberd!
You die...

### #[#########
########..........
#..........#####** #(######.#.#
********* #@# #.#.#
*,,,,,,,**#)#****#.#.#
*,,,,,,,,,gg.,,,*#.#.######
*,,,,,,,,.......,#.#......#
*******,........,#.######.#
####*******#####+##.#,#......#.##
....,,,,,,,,...#**#..,,,,....#<..
####*******###.####.#.,..........
....,,,,,,,,.....##.#**#######.#.


You could see 2 gnolls.

Vanquished Creatures
  A necrophage (D:3)
  Natasha (thrice) (D:2)
  8 adders
  A gnoll (D:3)
  A dart slug (D:3)
  An orc (D:3)
  2 bats
  4 endoplasms
  3 goblins
  5 hobgoblins
  3 jackals (D:1)
  A quokka (D:3)
  A ball python (D:2)
  3 frilled lizards (D:2)
  3 kobolds
  7 rats
47 creatures vanquished.

Notes
Turn   | Place    | Note
-------+----------+-------------------------------------------
     0 | D:1      | bande the Gargoyle Fighter began the quest for the Orb.
     0 | D:1      | Reached XP level 1. HP: 14/14 MP: 1/1
   264 | D:1      | Reached XP level 2. HP: 15/19 MP: 2/2
   903 | D:2      | Reached XP level 3. HP: 19/24 MP: 3/3
  1478 | D:2      | Reached XP level 4. HP: 29/29 MP: 4/4
  1668 | D:2      | Noticed Natasha
  1677 | D:2      | Killed Natasha
  2470 | D:2      | Noticed Natasha
  2487 | D:2      | Killed Natasha
  2488 | D:2      | Reached XP level 5. HP: 26/33 MP: 5/5
  2744 | D:2      | Noticed Natasha
  2762 | D:2      | Killed Natasha
  3059 | D:3      | Reached XP level 6. HP: 31/39 MP: 6/6
  3479 | D:3      | Slain by a gnoll

Illustrated notes

Levels and vault maps discovered:
D:1:      kennysheep_arrival_forest, layout_basic, st_stairs_5
D:2:      minmay_diamond_boxcup, layout_loops_corners, uniq_natasha
D:3:      minmay_evil_eye, layout_basic, shapermc_ecumenical_altar_mp_highgroup

Skill      XL: |  1  2  3  4 |
---------------+-------------+-----
Axes           | 2 3 |  3.8
Armour         | 4 |  4.7
Fighting       | 4 |  4.3
Shields        | |  3.8

Action                   |  1- 3 |  4- 6 || total
-------------------------+-------+-------++-------
Melee: War axe           |    70 |    93 ||   163
  Use: Scroll            |     1 |     9 ||    10
Armor: Scale mail        |    20 |       ||    20
       Chain mail        |    18 |    64 ||    82
Dodge: Dodged            |    39 |    29 ||    68
Block: Buckler           |    24 |    15 ||    39

Table legend: (Time is in decaauts)
 A = Elapsed time spent in this place.
 B = Non-inter-level travel time spent in this place.
 C = Inter-level travel time spent in this place.
 D = Time resting spent in this place.
 E = Time spent auto-exploring this place.
 F = Levels seen in this place.
 G = Mean time per level.
                   A        B        C        D        E       F      G
               +--------+--------+--------+--------+--------+-----+--------+
         Total |   3550 |   3503 |     47 |    534 |   2251 |   3 | 1183.3 |
       Dungeon |   3550 |   3503 |     47 |    534 |   2251 |   3 | 1183.3 |
               +--------+--------+--------+--------+--------+-----+--------+

Top non-repeatable levels by time:
     D:2: 1970 daAuts
     D:1: 871 daAuts
     D:3: 708 daAuts
